 Dungeon Crawl Stone Soup version 0.21.1-1-g345015fe64 (webtiles) character file.

12615 Htamos the Cleaver (level 12, -3/87 HPs)
             Began as a Formicid Gladiator on July 8, 2018.
             Was a High Priest of Okawaru.
             Slain by a slime creature (11 damage)
             ... on level 12 of the Dungeon.
             The game lasted 00:41:08 (13116 turns).

Htamos the Cleaver (Formicid Gladiator)            Turns: 13116, Time: 00:41:08

Health: -3/87      AC: 18    Str: 27    XL:     12   Next: 22%
Magic:  27/30      EV: 10    Int: 11    God:    Okawaru [*****.]
Gold:   469        SH: 20    Dex: 12    Spells: 14/23 levels left

rFire    . . .     SeeInvis +   n - +4 hand axe (venom)
rCold    . . .     Gourm    .   G - +0 large shield
rNeg     . . .     Faith    .   u - +1 plate armour
rPois    .         Spirit   .   (helmet unavailable)
rElec    .         Reflect  .   (no cloak)
rCorr    .         Harm     .   M - +0 pair of gloves
MR       +....                  h - +0 pair of boots
Stlth    ..........             (no amulet)
HPRegen  0.24/turn              H - +6 ring of strength
MPRegen  0.22/turn              f - ring of magical power

@: heroism
A: permanent stasis, dig shafts and tunnels, four strong arms, antennae 3
a: Dig, Shaft Self, Heroism, Finesse, Renounce Religion


You were on level 12 of the Dungeon.
You worshipped Okawaru.
Okawaru was extremely pleased with you.
You were not hungry.

You visited 2 branches of the dungeon, and saw 13 of its levels.
You also visited: Ossuary.

You collected 608 gold pieces.
You spent 139 gold pieces at shops.

Inventory:

Hand Weapons
 a - a +0 war axe
 b - a +2 hand axe of flaming
 n - a +4 hand axe of venom (weapon)
 x - a +0 mace
 N - a +0 hunting sling
 Q - a +0 hand crossbow
 S - a +1 battleaxe
 V - a +2 demon trident of flaming
Missiles
 c - 5 throwing nets
 g - 218 stones
 J - 136 arrows
 K - 42 poisoned needles
 L - 5 tomahawks
 P - 67 bolts (quivered)
Armour
 h - a +0 pair of boots (worn)
 u - a +1 plate armour (worn)
 G - a +0 large shield (worn)
 M - a +0 pair of gloves (worn)
Jewellery
 f - a ring of magical power (right hand)
 C - an uncursed ring of protection from cold
 H - a +6 ring of strength (left hand)
Wands
 e - a wand of digging (10)
 t - a wand of flame (38)
 w - a wand of random effects (43)
 I - a wand of scattershot (5)
Scrolls
 m - 3 scrolls of magic mapping
 o - 6 scrolls of enchant armour
 y - a scroll of remove curse
 A - 3 scrolls of amnesia
 F - a scroll of torment {unknown}
 T - a scroll of enchant weapon
Potions
 j - 2 potions of degeneration
 k - 2 potions of lignification
 l - a potion of mutation
 p - 3 potions of magic
 q - 2 potions of cancellation
 r - 2 potions of agility
 s - 2 potions of berserk rage
 v - 2 potions of ambrosia {unknown}
 z - 3 potions of might {unknown}
 B - a potion of flight {unknown}
 D - a potion of curing {unknown}
 E - a potion of haste {unknown}
 R - a potion of brilliance {unknown}
Comestibles
 d - 16 rations


   Skills:
 + Level 5.8(10.8) Fighting
 + Level 13.6(18.6) Axes
 * Level 4.5(9.5) Crossbows
 - Level 2.0(7.0) Throwing
 + Level 5.3(10.3) Armour
 - Level 2.7(7.7) Dodging
 + Level 1.6(6.6) Stealth
 + Level 7.4(12.4) Shields
 * Level 6.0 Spellcasting
 * Level 2.8 Charms
 - Level 0.2 Invocations


You had 14 spell levels left.
You knew the following spells:

 Your Spells              Type           Power        Failure   Level  Hunger
a - Infusion              Chrm           #...         65%         1    None
b - Song of Slaying       Chrm           #.......     80%         2    ##.....
c - Spectral Weapon       Hex/Chrm       #.......     99%         3    ###....
d - Regeneration          Chrm/Necr      #.........   99%         3    ###....


Dungeon Overview and Level Annotations

Branches:
Dungeon (12/15)            Temple (1/1) D:6            Lair (0/6) D:9
    Orc: D:9-12

Altars:
Ashenzari
Cheibriados
Dithmenos
Elyvilon
Fedhas
Gozag
Hepliaklqana
Kikubaaqudgha
Makhleb
Nemelex Xobeh
Okawaru
Qazlal
Ru
Sif Muna
Trog
Uskayaw
Vehumet
Wu Jian
Xom
Yredelemnul
Zin
The Shining One

Shops:
D:6 [


Innate Abilities, Weirdness & Mutations

You cannot be hasted, slowed, berserked, paralysed or teleported.
You can dig through walls and to a lower floor.
Your four strong arms can wield two-handed weapons with a shield.
You have a pair of large antennae on your head. (SInv)


Message History

You hit the slime creature.
The slime creature is poisoned.
You hit the slime creature. The slime creature hits you!
* * * LOW HITPOINT WARNING * * *
You block the slime creature's attack.
The slime creature hits you but does no damage.
You barely miss the slime creature.
The slime creature is almost dead.
You slash the slime creature! You hit the slime creature.
The slime creature looks as sick as possible!
A hippogriff comes into view.
Unknown command.
The hippogriff screeches!
You slash the slime creature!
You kill the slime creature!
Okawaru accepts your kill.
Your Spellcasting skill increases to level 6!
You slash the slime creature!
Your plate armour prevents you from hitting the slime creature.
The slime creature hits you!
You die...

# #.
####.#####
H........
#......J#
#.....J@#
#.......#
#.....$.#
#.......#
.........
#.......#
#.......#
#.......#


You could see 2 slime creatures and a hippogriff.

Vanquished Creatures
  A hydra (D:11)
  A two-headed ogre (D:11)
  The ghost of Bapho the Archer, a novice CeHu of Okawaru (D:8)
  An unseen horror (D:11)
  The ghost of yesterday the Tainted, a novice OpAs of Yredelemnul (D:7)
  Pikel (D:5)
  The ghost of Necrophagist the Thaumaturge, a novice DEWz of Vehumet (D:9)
  2 ugly things
  A cyclops (D:11)
  Grinder (D:4)
  A slime creature (D:12)
  A meliai zombie (D:11)
  A hippogriff (D:8)
  A spriggan (D:9)
  7 yaks
  A wyvern (D:9)
  2 basilisks
  A steam dragon (D:9)
  3 hungry ghosts
  An ogre (D:4)
  3 black bears
  An eye of draining (D:11)
  3 phantoms
  4 sky beasts
  4 slaves (D:5)
  3 ice beasts
  5 centaurs
  A crocodile (D:9)
  2 bullfrogs (D:7)
  4 big kobolds
  2 elf zombies (Ossuary)
  A gnoll sergeant (D:9)
  A water moccasin zombie (D:11)
  4 wyvern skeletons
  2 scorpions
  10 killer bees (D:11)
  3 wights (D:9)
  7 howler monkeys
  4 crimson imps
  A bullfrog zombie (D:9)
  A quasit (D:10)
  A jelly (D:9)
  4 orc wizards
  An orc priest (D:11)
  Crazy Yiuf (D:3)
  5 hounds
  2 bullfrog skeletons
  Jessica (D:2)
  Ijyb (D:3)
  7 worker ants
  3 iguanas
  2 big kobold zombies (Ossuary)
  A hound zombie (D:6)
  2 mummies (Ossuary)
  Robin (D:4)
  9 gnolls
  13 adders
  A shadow imp (D:11)
  An adder zombie (Ossuary)
  3 adder skeletons
  4 worms
  5 dart slugs
  9 leopard geckos
  19 orcs
  9 giant cockroaches
  7 hobgoblins
  11 jackals
  6 quokkas
  A ball python (D:4)
  9 bats
  12 frilled lizards
  20 goblins
  12 hobgoblin zombies (Ossuary)
  4 jackal zombies
  26 kobolds
  9 kobold zombies (Ossuary)
  6 orc zombies (Ossuary)
  2 quokka skeletons
  10 rats
  A rat zombie (Ossuary)
337 creatures vanquished.

Notes
Turn   | Place    | Note
-------+----------+-------------------------------------------
     0 | D:1      | Htamos the Formicid Gladiator began the quest for the Orb.
     0 | D:1      | Reached XP level 1. HP: 16/16 MP: 1/1
   102 | D:1      | Reached XP level 2. HP: 18/22 MP: 2/2
   790 | D:1      | Reached XP level 3. HP: 27/27 MP: 3/3
  1006 | D:1      | Reached skill level 4 in Axes
  1482 | D:2      | Reached XP level 4. HP: 33/33 MP: 4/4
  1506 | D:2      | Noticed Jessica
  1577 | D:2      | Killed Jessica
  1624 | D:2      | Reached skill level 5 in Axes
  1909 | D:2      | Reached XP level 5. HP: 32/38 MP: 5/5
  2422 | D:3      | Found a faded altar of an unknown god.
  2775 | D:3      | Reached skill level 6 in Axes
  2922 | D:3      | Noticed Ijyb
  2934 | D:3      | Killed Ijyb
  2934 | D:3      | Reached XP level 6. HP: 11/44 MP: 6/6
  3250 | D:3      | Found a runed door.
  3470 | D:3      | Noticed Crazy Yiuf
  3475 | D:3      | Killed Crazy Yiuf
  3658 | D:4      | Found a sand-covered staircase.
  3666 | Ossuary  | Entered an ossuary
  3883 | Ossuary  | Reached skill level 7 in Axes
  3911 | Ossuary  | Reached XP level 7. HP: 14/50 MP: 7/7
  4351 | D:4      | Reached skill level 8 in Axes
  4358 | D:4      | Noticed Robin
  4388 | D:4      | Killed Robin
  4561 | D:4      | Noticed Grinder
  4641 | D:4      | Reached XP level 8. HP: 49/56 MP: 8/8
  4652 | D:4      | Reached skill level 9 in Axes
  4885 | D:4      | Killed Grinder
  5164 | D:4      | Reached skill level 10 in Axes
  5316 | D:5      | Entered Level 5 of the Dungeon
  5386 | D:5      | Noticed Pikel
  5699 | D:5      | Killed Pikel
  5699 | D:5      | Reached skill level 11 in Axes
  5699 | D:5      | Reached XP level 9. HP: 45/61 MP: 9/9
  5975 | D:5      | Noticed a moth of wrath
  5977 | D:5      | Found a bloodstained altar of Trog.
  6535 | D:6      | Found Jeotiam's Antique Armour Shop.
  6551 | D:6      | Reached skill level 1 in Armour
  6837 | D:6      | Found a staircase to the Ecumenical Temple.
  7123 | Temple   | Entered the Ecumenical Temple
  7261 | Temple   | Became a worshipper of Warmaster Okawaru
  7445 | D:6      | Bought a pair of gloves for 139 gold pieces
  7547 | D:7      | Reached skill level 1 in Shields
  7547 | D:7      | Reached skill level 1 in Spellcasting
  7628 | D:7      | Reached skill level 12 in Axes
  7726 | D:7      | Noticed yesterday's ghost (novice OpAs)
  7741 | D:7      | Killed yesterday's ghost
  7741 | D:7      | Reached XP level 10. HP: 70/70 MP: 13/13
  8223 | D:8      | Reached * piety under Okawaru
  8274 | D:8      | Noticed Bapho's ghost (novice CeHu)
  8311 | D:8      | Killed Bapho's ghost
  9210 | D:9      | Reached skill level 1 in Crossbows
  9302 | D:9      | Reached ** piety under Okawaru
  9383 | D:9      | Noticed Necrophagist's ghost (novice DEWz)
  9425 | D:9      | Killed Necrophagist's ghost
  9749 | D:9      | Reached XP level 11. HP: 76/78 MP: 17/17
  9758 | D:9      | Reached skill level 5 in Shields
  9906 | D:9      | Noticed a purple ugly thing
  9929 | D:9      | Killed a purple ugly thing
  9929 | D:9      | Reached skill level 13 in Axes
  9943 | D:9      | Reached *** piety under Okawaru
  9947 | D:9      | Reached skill level 1 in Stealth
 10191 | D:9      | Found a sacrificial altar of Ru.
 10688 | D:9      | Found a staircase to the Lair.
 10878 | D:10     | Entered Level 10 of the Dungeon
 10973 | D:10     | Learned a level 1 spell: Infusion
 11329 | D:10     | Reached skill level 5 in Spellcasting
 11427 | D:10     | Reached skill level 5 in Fighting
 11766 | D:11     | Learned a level 2 spell: Song of Slaying
 11770 | D:11     | Learned a level 3 spell: Spectral Weapon
 11774 | D:11     | Learned a level 3 spell: Regeneration
 11902 | D:11     | Reached skill level 1 in Charms
 11981 | D:11     | Reached **** piety under Okawaru
 12119 | D:11     | Received a gift from Okawaru
 12171 | D:11     | Noticed a green ugly thing
 12191 | D:11     | Killed a green ugly thing
 12270 | D:11     | Noticed a two-headed ogre
 12278 | D:11     | Killed a two-headed ogre
 12359 | D:11     | Noticed a cyclops
 12371 | D:11     | Killed a cyclops
 12402 | D:11     | Reached skill level 5 in Armour
 12408 | D:11     | Noticed an unseen horror
 12419 | D:11     | Killed an unseen horror
 12419 | D:11     | Received a gift from Okawaru
 12419 | D:11     | Reached XP level 12. HP: 84/86 MP: 20/20
 12429 | D:11     | Noticed an eight-headed hydra
 12445 | D:11     | Killed a one-headed hydra
 12445 | D:11     | Reached ***** piety under Okawaru
 13116 | D:12     | Slain by a slime creature

Skill      XL: |  1  2  3  4  5  6  7  8  9 10 11 12 |
---------------+-------------------------------------+-----
Axes           | 4 5 6 7 8 11 12 13 | 13.6
Fighting       | 3 4 5 |  5.8
Armour         | 2 4 5 |  5.3
Shields        | 2 4 7 |  7.4
Spellcasting   | 2 4 5 6 |  6.0
Crossbows      | 2 4 |  4.5
Stealth        | 1 |  1.6
Charms         | 2 |  2.8
Throwing       | |  2.0
Dodging        | |  2.7
Invocations    | |  0.2

Action                   |  1- 3 |  4- 6 |  7- 9 | 10-12 || total
-------------------------+-------+-------+-------+-------++-------
Melee: War axe           |    94 |   170 |       |       ||   264
       Hand axe          |       |    83 |   310 |   339 ||   732
       Battleaxe         |       |       |       |   312 ||   312
       Demon trident     |       |       |       |    28 ||    28
 Fire: Hand crossbow     |       |       |       |     3 ||     3
Invok: Heroism           |       |       |       |     4 ||     4
 Abil: Dig               |       |       |       |     1 ||     1
  Use: Scroll            |       |     8 |     4 |     8 ||    20
       Potion            |       |       |       |     5 ||     5
 Stab: Paralysed         |       |       |       |     1 ||     1
  Eat: Chunk             |     1 |     8 |     5 |    10 ||    24
       Ration            |       |       |     2 |     4 ||     6
Armor: Leather armour    |    32 |       |       |       ||    32
       Ring mail         |       |    40 |       |       ||    40
       Plate armour      |       |    88 |   121 |   238 ||   447
       Skin              |       |       |       |     4 ||     4
Dodge: Dodged            |    86 |   127 |    53 |    68 ||   334
Block: Large shield      |       |       |    53 |   459 ||   512
